 Dungeon Crawl Stone Soup version 0.18.1-5-g4a78601 (webtiles) character file.

2118 Jerry the Skirmisher (level 8, -6/73 HPs)
             Began as a Demigod Earth Elementalist on May 14, 2016.
             Mangled by an orc warrior
             ... wielding a +0 glaive
              (10 damage)
             ... on level 7 of the Dungeon.
             The game lasted 00:43:09 (8847 turns).

Jerry the Skirmisher (Demigod Earth Elementalist)   Turns: 8847, Time: 00:43:09

Health: -6/73      AC: 17    Str: 13    XL:     8   Next: 81%
Magic:  13/13      EV:  2    Int: 19    God:
Gold:   359        SH:  0    Dex: 18    Spells: 0 memorised, 10 levels left

rFire  + . .     SeeInvis .     J - +3 dagger
rCold  + . .     Gourm    .     z - +0 plate armour
rNeg   . . .     Faith    .     (no shield)
rPois  .         Spirit   .     (no helmet)
rElec  .         Dismiss  .     o - +1 cloak
rCorr  .         Reflect  .     (no gloves)
SustAt +         Harm     .     B - +0 pair of boots
MR     .....                    a - amulet of rage
Stlth  ..........               j - ring of protection from cold
                                k - ring of protection from fire

@: slowed, very slow, not resistant to hostile enchantments, extremely
unstealthy
A: repulsion field 1, agile 1, dopey 1, high mp 1, sustain attributes
a: Evoke Berserk Rage


You were on level 7 of the Dungeon.
You were hungry.

You visited 2 branches of the dungeon, and saw 8 of its levels.

You collected 359 gold pieces.

Inventory:

Hand Weapons
 e - a +0 hunting sling
 n - a +1 whip
 H - a -2 short sword
 J - a +3 dagger (weapon)
 N - a +0 battleaxe
Missiles
 b - 203 stones (quivered)
Armour
 m - a +0 ring mail
 o - a +1 cloak (worn)
 z - a +0 plate armour (worn)
 B - a +0 pair of boots (worn)
Jewellery
 a - an amulet of rage (around neck)
 g - an uncursed ring of stealth
 j - a ring of protection from cold (right hand)
 k - a ring of protection from fire (left hand)
 D - an uncursed amulet of guardian spirit
Scrolls
 h - 2 scrolls of fog
 i - 2 scrolls of enchant weapon
 q - a scroll of blinking
 y - 5 scrolls of identify
 A - 2 scrolls of teleportation
 E - a scroll of amnesia
 M - a scroll of remove curse
Potions
 f - a potion of cancellation
 l - 3 potions of brilliance {unknown}
 r - a potion of resistance {unknown}
 s - a potion of curing {unknown}
 t - a potion of heal wounds {unknown}
 u - 2 potions of degeneration {unknown}
 v - a potion of might {unknown}
 w - a potion of agility {unknown}
 x - a potion of mutation {unknown}
 F - a potion of ambrosia {unknown}
 I - a potion of magic {unknown}
 K - 2 potions of flight {unknown}
Books
 c - a book of Geomancy

   Spells                             Type                      Level
   a - Sandblast                      Earth                        1
   b - Passwall                       Transmutation/Earth          2
   c - Stone Arrow                    Conjuration/Earth            3
   d - Petrify                        Transmutation/Earth          4
   e - Lee's Rapid Deconstruction     Earth                        5
Comestibles
 d - 4 bread rations
 p - a slice of pizza
 C - a royal jelly
 G - 2 meat rations
 L - 3 chunks of flesh


   Skills:
 + Level 7.6 Fighting
 + Level 7.3 Armour
 - Level 2.9 Dodging
 - Level 1.7 Stealth
 - Level 1.7 Spellcasting
   Level 0.8 Transmutations
   Level 2.6 Earth Magic


You had 10 spell levels left.
You didn't know any spells.

Dungeon Overview and Level Annotations

Branches:
Dungeon (7/15)             Temple (1/1) D:6


Innate Abilities, Weirdness & Mutations

You have an increased reservoir of magic (+10% MP).
Your attributes are resistant to harm.
You are surrounded by a mild repulsion field (EV +2).
You are agile. (Dex +2)
You are dopey. (Int -2)


Message History

The orc wizard gestures wildly while chanting.
The orc wizard blinks!
The orc warrior hits you from afar with a glaive.
* * * LOW HITPOINT WARNING * * *
The orc warrior closely misses you.
The orc wizard mumbles some strange words.
The orc wizard blinks!
The orc wizard gestures wildly while chanting.
The orc wizard blinks!
The orc throws a stone.
The stone misses you.
The orc warrior hits you from afar with a glaive!
* * * LOW HITPOINT WARNING * * *
The orc throws a stone.
The stone hits you but does no damage.
You see here a stone.
The orc throws a stone.
The stone hits you but does no damage.
There is an escape hatch in the ceiling here.
You see here a stone.
The orc throws a stone.
The stone hits you but does no damage.
The orc warrior hits you from afar with a glaive!
You die...

......####..#
#.........##.. ....#
#..# #.........##.#
..# #..#
#............. .
#..# #.##########.#
#o.## #.# #.#
#...###.##### #.#
##.o........######.#
#..(o..##..........#
#.#@##.##.#.########
#.#.(.....#.#
#.####.####.#
#.####......#
#......######
########


You could see an orc warrior, an orc wizard and an orc.

Vanquished Creatures
  Duvessa (D:4)
  2 sky beasts
  2 ice beasts (D:5)
  A necrophage (D:5)
  2 orc warriors
  A phantom (D:6)
  A centaur (D:7)
  A giant frog (D:6)
  Dowan (D:4)
  A scorpion (D:4)
  A water moccasin skeleton (D:6)
  2 howler monkeys
  2 crimson imps (D:6)
  3 hounds
  2 orc priests
  2 centaur skeletons (D:4)
  Ijyb (D:3)
  5 orc wizards
  5 worker ants (D:4)
  A hound zombie (D:6)
  A worker ant zombie (D:5)
  14 adders
  3 shadow imps
  3 adder skeletons
  A worm (D:4)
  2 dart slugs
  5 giant geckos
  28 orcs
  9 bats
  10 giant cockroaches
  11 goblins
  4 hobgoblins
  22 jackals
  A quokka (D:6)
  2 ball pythons
  A giant gecko skeleton (D:6)
  4 giant newts
  A jackal skeleton (D:5)
  9 kobolds
  8 rats
  4 butterflies (D:6)
180 creatures vanquished.

Vanquished Creatures (others)
  A centaur (D:6)
  A giant frog (D:6)
  An iguana (D:6)
3 creatures vanquished.

Grand Total: 183 creatures vanquished

Notes
Turn   | Place    | Note
--------------------------------------------------------------
     0 | D:1      | Jerry the Demigod Earth Elementalist began the quest for the Orb.
     0 | D:1      | Reached XP level 1. HP: 14/14 MP: 5/5
   104 | D:1      | Reached skill level 1 in Fighting
   147 | D:1      | Reached XP level 2. HP: 23/23 MP: 7/7
   187 | D:1      | Reached skill level 1 in Armour
  1060 | D:2      | Reached XP level 3. HP: 22/29 MP: 8/8
  1393 | D:2      | Reached XP level 4. HP: 9/37 MP: 9/9
  1746 | D:2      | Found a basalt altar of Yredelemnul.
  2082 | D:2      | Found a white marble altar of Elyvilon.
  2221 | D:3      | Noticed Ijyb
  2276 | D:3      | Killed Ijyb
  2685 | D:3      | Found a deep blue altar of Sif Muna.
  2945 | D:3      | Reached XP level 5. HP: 29/45 MP: 10/10
  3707 | D:4      | Reached XP level 6. HP: 4/52 MP: 11/11
  4365 | D:4      | Noticed Dowan
  4367 | D:4      | Noticed Duvessa
  4385 | D:4      | Killed Duvessa
  4403 | D:4      | Killed Dowan
  5261 | D:4      | Reached XP level 7. HP: 52/60 MP: 12/12
  5527 | D:5      | Entered Level 5 of the Dungeon
  5938 | D:5      | Reached skill level 5 in Fighting
  6368 | D:5      | Reached skill level 5 in Armour
  6782 | D:5      | Found a radiant altar of Vehumet.
  6817 | D:5      | Found a glowing silver altar of Zin.
  6934 | D:5      | Reached XP level 8. HP: 70/70 MP: 13/13
  7307 | D:6      | Found an opulent altar of Gozag.
  7440 | D:6      | Found a staircase to the Ecumenical Temple.
  7447 | Temple   | Entered the Ecumenical Temple
  7639 | D:6      | Found an oddly glowing altar of Pakellas.
  7695 | D:6      | Found a snail-covered altar of Cheibriados.
  7765 | D:6      | Found a shimmering altar of Xom.
  7813 | D:6      | Gained mutation: You are dopey. (Int -2) [mutagenic meat]
  7817 | D:6      | Gained mutation: You are surrounded by a mild repulsion field (EV +2). [mutagenic meat]
  7819 | D:6      | Gained mutation: You are agile. (Dex +2) [mutagenic meat]
  8847 | D:7      | Mangled by an orc warrior

Skill      XL: |  1  2  3  4  5  6  7  8 |
---------------+-------------------------+-----
Fighting       | 1 2 3 4 6 7 |  7.6
Armour         | 1 2 3 4 6 7 |  7.3
Dodging        | 2 |  2.9
Stealth        | |  1.7
Spellcasting   | |  1.7
Transmutations | |  0.8
Earth Magic    | |  2.6

Action                   |  1- 3 |  4- 6 |  7- 9 || total
-------------------------+-------+-------+-------++-------
Melee: Whip              |    20 |   433 |   464 ||   917
       Dagger            |       |       |   232 ||   232
       Battleaxe         |       |       |    17 ||    17
 Fire: Hunting sling     |   159 |       |       ||   159
 Cast: Sandblast         |    10 |     2 |       ||    12
 Abil: Evoke Berserk Rag |       |     1 |     7 ||     8
  Use: Scroll            |       |     8 |     3 ||    11
       Potion            |       |     1 |       ||     1
 Stab: Sleeping          |     1 |     5 |       ||     6
       Distracted        |       |     1 |       ||     1
       Invisible         |       |     1 |       ||     1
  Eat: Chunk             |     2 |    13 |    22 ||    37
Armor: Robe              |     9 |       |       ||     9
       Ring mail         |    31 |   153 |       ||   184
       Plate armour      |       |    45 |   625 ||   670
Dodge: Dodged            |    83 |   269 |   204 ||   556
